 Dungeon Crawl Stone Soup version 0.17.2-1-ge4368a0 (webtiles) character file.

19 tidbits the Insei (level 2, -1/22 HPs)
             Began as a Demigod Transmuter on Sept 21, 2017.
             Slain by an adder (5 damage)
             ... on level 2 of the Dungeon.
             The game lasted 00:02:04 (375 turns).

tidbits the Insei (Demigod Transmuter)               Turns: 375, Time: 00:02:04

Health: -1/22      AC:  2    Str: 13    XL:     2   Next: 39%
Magic:  5/7        EV: 12    Int: 17    God:
Gold:   11         SH:  0    Dex: 16    Spells: 2 memorised, 2 levels left

rFire  . . .     SeeInvis .       - Unarmed
rCold  . . .     Clarity  .     B - +0 robe
rNeg   . . .     SustAt   +     (no shield)
rPois  .         Gourm    .     (no helmet)
rElec  .         Spirit   .     (no cloak)
rCorr  .         Warding  .     (no gloves)
rMut   .         Stasis   .     (boots currently unavailable)
MR     .....                    (no amulet)
Stlth  ++........               (no ring)
                                f - ring of stealth

@: appendage (expiring), not resistant to hostile enchantments, unstealthy
A: talons 3, high mp 1, sustain attributes
a: End Transformation


You were on level 2 of the Dungeon.
You were not hungry.
You had grown temporary talons.
You visited 1 branch of the dungeon, and saw 2 of its levels.

You collected 11 gold pieces.

Inventory:

Missiles
 a - 9 arrows
Armour
 B - a +0 robe (worn)
Jewellery
 f - a ring of stealth (left hand)
   (You found it on level 1 of the Dungeon)
Scrolls
 e - a scroll of remove curse {unknown}
Books
 c - a book of Changes

   Spells                             Type                      Level
   a - Beastly Appendage              Transmutation                1
   b - Sticks to Snakes               Transmutation                2
   c - Spider Form                    Transmutation/Poison         3
   d - Ice Form                       Ice/Transmutation            4
   e - Blade Hands                    Transmutation                5
Comestibles
 d - a bread ration
 g - a meat ration


   Skills:
 - Level 0.8 Fighting
 - Level 1.7 Dodging
 * Level 3.0 Unarmed Combat
 - Level 2.0 Spellcasting
 + Level 2.2 Transmutations


You had 2 spell levels left.
You knew the following spells:

 Your Spells              Type           Power        Failure   Level  Hunger
e - Beastly Appendage     Trmt           #.....       10%         1    #......
k - Sticks to Snakes      Trmt           #.........   14%         2    ###....


Dungeon Overview and Level Annotations

Branches:
Dungeon (2/15)


Innate Abilities, Weirdness & Mutations

You have an increased reservoir of magic (+10% MP).
Your attributes are resistant to harm.
You have claws for feet.


Message History

You swing at nothing.
You swing at nothing.
You swing at nothing.
You swing at nothing.
You swing at nothing.
You swing at nothing.
You swing at nothing.
You swing at nothing.
Your ball python withers and dies!
You swing at nothing.
You swing at nothing.
You swing at nothing.
You swing at nothing.
You swing at nothing.
You swing at nothing.
You swing at nothing.
You swing at nothing.
You swing at nothing.
You swing at nothing.
You swing at nothing.
You swing at nothing.
You swing at nothing.
You swing at nothing.
A hobgoblin comes into view.
You swing at nothing.
You swing at nothing.
You swing at nothing.
You swing at nothing.
You swing at nothing.
You swing at nothing.
You swing at nothing.
You swing at nothing.
You swing at nothing.
You swing at nothing.
You swing at nothing.
You swing at nothing.
You swing at nothing.
You swing at nothing.
You swing at nothing.
You swing at nothing.
You swing at nothing.
You swing at nothing.
You swing at nothing.
You swing at nothing.
You swing at nothing.
You swing at nothing.
You swing at nothing.
You swing at nothing.
You swing at nothing.
You swing at nothing.
You swing at nothing.
You swing at nothing.
You swing at nothing.
You swing at nothing.
Wield which item (- for none, * to show all)? (? for menu, Esc to quit)
You are now empty-handed.
A ball python comes into view.
Found a long sword.
An adder comes into view.
The ball python bites you.
* * * LOW HITPOINT WARNING * * *
The ball python closely misses you.
Casting: Sticks to Snakes
Confirm with . or Enter, or press ? or * to list all spells.
Your feet morph into talons.
The ball python barely misses you. The ball python barely misses you.
The ball python closely misses you. The ball python barely misses you.
You hit the ball python.
You kill the ball python!
You see here a ball python corpse.
Casting: Beastly Appendage
Confirm with . or Enter, or press ? or * to list all spells.
You create a snake!
Your transformation is almost over.
The helpless adder fails to defend itself.
You hit the adder.
The adder is moderately wounded.
The adder barely misses you.
Your ball python completely misses the adder.
Your ball python misses the adder.
You barely miss the adder. Your kick misses the adder.
The adder is moderately wounded.
The adder closely misses you.
Your ball python barely misses the adder.
Your ball python grabs the adder.
Your ball python constricts the adder.
The adder bites you.
* * * LOW HITPOINT WARNING * * *
You barely miss the adder. You claw the adder, but do no damage.
The adder is moderately wounded.
Your ball python bites the adder.
Your ball python constricts the adder.
The adder bites you but does no damage.
You hit the adder.
The adder is heavily wounded.
Your ball python bites the adder but does no damage.
Your ball python constricts the adder.
The adder closely misses you.
Your ball python bites the adder.
Your ball python constricts the adder.
You hit the adder. You claw the adder.
The adder is almost dead.
The adder bites you.
You die...

#.# #.# ... #####.#
...#.# #)#.##
#..SS##### #..@.....#
#....###.##
#.#####...##
#.†........# # #.
#######....#####.##.
##.#.......##.
#########............
.........##########..
########.# #######..


You could see an adder and a friendly ball python.

Vanquished Creatures
  A gnoll (D:1)
  3 jackals (D:1)
  A ball python (D:2)
  A bat (D:1)
  A goblin (D:2)
7 creatures vanquished.

Vanquished Creatures (collateral kills)
  A worm (D:2)
1 creature vanquished.

Grand Total: 8 creatures vanquished

Notes
Turn   | Place    | Note
--------------------------------------------------------------
     0 | D:1      | tidbits the Demigod Transmuter began the quest for the Orb.
     0 | D:1      | Reached XP level 1. HP: 15/15 MP: 5/5
   117 | D:1      | Reached skill level 2 in Spellcasting
   117 | D:1      | Reached skill level 2 in Transmutations
   117 | D:1      | Reached XP level 2. HP: 10/22 MP: 5/7
   121 | D:1      | Learned a level 2 spell: Sticks to Snakes
   278 | D:2      | Reached skill level 3 in Unarmed Combat
   283 | D:2      | HP: 1/22 [goblin/stone (5)]
   375 | D:2      | Slain by an adder

Action                   || total
-------------------------++-------
Melee: Unarmed           ||    38
 Cast: Beastly Appendage ||     6
       Sticks to Snakes  ||     3
  Use: Potion            ||     1
 Stab: Sleeping          ||     2

Table legend:
 A = Turns spent in this place as a percentage of turns spent in the entire game.
 B = Non-inter-level travel turns spent in this place as a percentage of non-inter-level travel turns spent in the entire game.
 C = Inter-level travel turns spent in this place as a percentage of turns spent in this place.
 D = Turns resting spent in this place as a percentage of non-inter-level travel turns spent in this place.
 E = Turns spent auto-exploring this place as a percentage of non-inter-level travel turns spent in this place.
 F = Non-inter-level travel turns spent in this place divided by the number of levels of this place that you've seen.
                   A       B       C       D       E      F
               +-------+-------+-------+-------+-------+----------------------
         Total | 100.0 | 100.0 |   1.1 |   0.0 |   0.0 | 131.5
       Dungeon | 100.0 | 100.0 |   1.1 |   0.0 |   0.0 | 131.5
               +-------+-------+-------+-------+-------+----------------------

Table legend:
 A = Kills in this place as a percentage of kills in entire the game.
 B = Kills by you in this place as a percentage of kills by you in the entire game.
 C = Kills by friends in this place as a percentage of kills by friends in the entire game.
 D = Other kills in this place as a percentage of other kills in the entire game.
 E = Experience gained in this place as a percentage of experience gained in the entire game.
 F = Experience gained in this place divided by the number of levels of this place that you have seen.
                   A       B       C       D       E      F
               +-------+-------+-------+-------+-------+----------------------
         Total | 100.0 | 100.0 | 100.0 |  -nan | 100.0 |  14.0
       Dungeon | 100.0 | 100.0 | 100.0 |  -nan | 100.0 |  14.0
               +-------+-------+-------+-------+-------+----------------------

Vault maps used:
D:1:      scummos_arrival_simple_fountains, minivault_23, corexii_corridor_pit,
          corner_web_ring, kennysheep_decorative_pillar, minmay_misc_feat_rows
D:2:      old_standard_altar
